 Dungeon Crawl Stone Soup version 0.27-a0-423-gf312af23e9 (webtiles) character file.

Game seed: 2603862338773846531

77100 mandarbmax the Hoplite (level 15, -14/141 HPs)
             Began as a Minotaur Ice Elementalist on Feb 27, 2021.
             Was the Champion of Cheibriados.
             Demolished by an orc knight
             ... wielding a +2 dire flail
              (38 damage)
             ... on level 2 of the Orcish Mines.
             The game lasted 00:50:25 (19993 turns).

mandarbmax the Hoplite (Minotaur Ice Elementalist) Turns: 19993, Time: 00:50:25

Health: -14/141    AC: 20    Str: 29    XL:     15   Next: 14%
Magic:  5/20       EV: 28    Int: 28    God:    Cheibriados [******]
Gold:   2034       SH: 27    Dex: 42    Spells: 13/18 levels left

rFire    . . .     SeeInvis .   k - +9 falchion (vorpal)
rCold    . . .     Faith    .   o - +0 tower shield
rNeg     + . .     Spirit   .   O - +3 scale mail {rN+}
rPois    .         Reflect  .   (helmet restricted)
rElec    .         Harm     .   b - +0 cloak
rCorr    .         Rampage  .   r - +1 pair of gloves
Will     +....                  G - +2 pair of boots
Stlth    ++........             M - amulet of the acrobat
HPRegen  0.33/turn              a - +6 ring of dexterity
MPRegen  0.17/turn              l - +6 ring of dexterity

@: icy armour, studying Short Blades, very slow
A: retaliatory headbutt, horns 2, blurry vision 2
a: Renounce Religion, Bend Time, Temporal Distortion, Slouch, Step From Time


You were on level 2 of the Orcish Mines.
You worshipped Cheibriados.
Cheibriados was exalted by your worship.
You visited 4 branches of the dungeon, and saw 20 of its levels.
You also visited: Bailey and Volcano.

You collected 2034 gold pieces.

Inventory:

Hand Weapons
 k - a +9 vorpal falchion (weapon)
Armour
 b - a +0 cloak (worn)
 e - a +1 scale mail of willpower
 f - a +0 chain mail of fire resistance
 o - a +0 tower shield (worn)
 r - a +1 pair of gloves (worn)
 G - a +2 pair of boots (worn)
 L - a +2 leather armour of fire resistance
 O - a +3 scale mail of positive energy (worn)
 T - +0 steam dragon scales
Jewellery
 a - a +6 ring of dexterity (left hand)
 l - a +6 ring of dexterity (right hand)
 m - the ring "Xitroska" {rPois rC+}
   (You found it on level 3 of the Lair of Beasts)

   [ring of poison resistance]

   It protects you from cold.
   It protects you from poison.
 t - a +4 ring of evasion
 J - a +6 ring of intelligence
 K - a +6 ring of intelligence
 M - an amulet of the acrobat (around neck)
 V - a ring of resist corrosion
Wands
 x - a wand of acid (5)
 R - a wand of flame (15)
 S - a wand of polymorph (5)
Scrolls
 c - 3 scrolls of enchant weapon
 h - a scroll of acquirement {unknown}
 j - a scroll of summoning {unknown}
 s - a scroll of noise {unknown}
 v - 2 scrolls of blinking
 y - 2 scrolls of amnesia
 A - 3 scrolls of immolation
 B - 3 scrolls of fog
 C - 3 scrolls of silence
 D - 7 scrolls of teleportation
 E - a scroll of vulnerability
 U - a scroll of torment {unknown}
Potions
 d - 6 potions of ambrosia {unknown}
 g - 2 potions of curing
 n - 2 potions of lignification
 p - 2 potions of cancellation
 q - 6 potions of brilliance
 w - 2 potions of attraction
 F - a potion of might
 H - a potion of magic
 N - 2 potions of flight
 P - a potion of mutation {unknown}
 Q - a potion of resistance
Miscellaneous
 u - a tin of tremorstones (inert)
 z - a box of beasts
 I - a phial of floods


   Skills:
 - Level 15.3 Fighting
 - Level 13.0 Long Blades
 + Level 8.4 Armour
 - Level 10.1 Dodging
 - Level 2.0 Stealth
 - Level 21.2 Shields
 - Level 2.0 Spellcasting
 + Level 5.3 Ice Magic
 - Level 8.0 Invocations


You had 13 spell levels left.
You knew the following spells:

 Your Spells              Type           Power        Failure   Level
a - Freeze                Ice            100%         3%          1
b - Ozocubu's Armour      Ice            32%          10%         3
c - Animate Skeleton      Necr           4%           28%         1

Your spell library contained the following spells:

 Spells                   Type           Power        Failure   Level
 Frozen Ramparts          Ice            64%          10%         3
 Apportation              Tloc           4%           28%         1
 Corona                   Hex            2%           28%         1
 Foxfire                  Conj/Fire      8%           28%         1
 Sandblast                Erth           4%           28%         1
 Summon Small Mammal      Summ           8%           28%         1
 Passwall                 Tmut/Erth      1%           38%         2
 Conjure Flame            Conj/Fire      2%           63%         3
 Inner Flame              Hex/Fire       2%           63%         3
 Stone Arrow              Conj/Erth      4%           63%         3
 Hailstorm                Conj/Ice       17%          67%         4
 Summon Ice Beast         Ice/Summ       17%          67%         4
 Petrify                  Tmut/Erth      2%           95%         4
 Sticky Flame             Conj/Fire      2%           95%         4
 Fireball                 Conj/Fire      1%           100%        5
 Lee's Rapid Deconstruct  Erth           1%           100%        5


Dungeon Overview and Level Annotations

Branches:
Dungeon (11/15)            Temple (1/1) D:6            Lair (6/6) D:9
  Swamp (0/4) Lair:4       Spider (0/4) Lair:2        Slime (0/5) Lair:6
    Orc (2/2) D:10         Bailey (visited)         Volcano (visited)
    Elf: Orc:2

Altars:
Ashenzari
Cheibriados
Dithmenos
Elyvilon
Fedhas
Gozag
Hepliaklqana
Kikubaaqudgha
Makhleb
Nemelex Xobeh
Okawaru
Qazlal
Ru
Sif Muna
Trog
Uskayaw
Vehumet
Wu Jian
Xom
Yredelemnul
Zin
The Shining One
Beogh

Annotations:
D:10 3 runed translucent doors, Demosthentine's ghost, journeyman MfGl
Lair:2 exclusion: oklob plant
Lair:6 exclusion: 4 oklob plants


Innate Abilities, Weirdness & Mutations

You reflexively headbutt those who attack you in melee.
You have a pair of horns on your head.
Scrolls take you longer to read.


Message History

You block the orc warlord's attack.
The orc knight roars a battlecry!
The orc warlord goes into a battle-frenzy!
The orc warlord blocks your attack.
The orc warlord is severely wounded.
Unknown command.
You slash the orc warlord! You headbutt the orc warlord!
The orc warlord is almost dead.
The orc warlord hits you with a +3 war axe!!
* * * LOW HITPOINT WARNING * * *
You block the orc knight's attack.
Unknown command.
You feel much better. You block the orc warlord's attack.
Unknown command.
You hit the orc warlord.
The orc warlord is almost dead.
You block the orc knight's attack.
The orc warlord hits you with a +3 war axe!
* * * LOW HITPOINT WARNING * * *
The orc knight completely misses you. You furiously retaliate!
You headbutt the orc knight, but do no damage.
Unknown command.
You block the orc warlord's attack. You block the orc knight's attack.
The orc knight completely misses you. You furiously retaliate!
You headbutt the orc knight! You block the orc warlord's attack.
You block the orc knight's attack. The orc knight completely misses you.
You furiously retaliate!
You headbutt the orc knight, but do no damage.
You block the orc warlord's attack. You block the orc knight's attack. x2
You block the orc warlord's attack. The orc knight misses you. x2
You furiously retaliate!
You headbutt the orc knight.
You riposte.
You slash the orc knight!
You headbutt the orc knight, but do no damage.
The orc knight is severely wounded.
The orc warlord blocks your attack.
The orc warlord is almost dead.
The orc knight no longer looks unusually strong.
The orc knight hits you with a +2 dire flail!!!
You die...

.......#.# ..#. .........#
..)) ...$...#.# .....
.........# #.....
.......#.##)))...
.........#.).)...
.#.....))oo....#
........)@o)).#
........)#)†..)..
##.#.....##.).)..
#.......##.....
#........##....
....#......##########
..#^###......#.......#.
.........................<
.#..........#...........#


You could see an orc warlord (strong) and 2 orc knights.

Vanquished Creatures
  Rupert (Lair:5)
  An orc warlord (Orc:2)
  Snorg (Orc:1)
  2 fire dragons
  Josephine (D:10)
  5 hydras
  2 boulder beetles
  3 two-headed ogres
  2 death yaks (Lair:6)
  An orc high priest (Orc:2)
  Sonja (Lair:4)
  A hell knight (Volcano)
  A sun demon (Volcano)
  6 lindwurms
  2 orc knights
  2 ugly things
  A manticore (D:11)
  3 orc sorcerers
  17 elephants
  5 black mambas
  Joseph (D:9)
  12 cane toads
  2 molten gargoyles (Lair:6)
  A gargoyle (D:10)
  A torpor snail (Lair:6)
  12 komodo dragons
  11 rime drakes
  6 trolls
  A red devil (Volcano)
  3 jumping spiders (Lair:2)
  A queen bee (Lair:2)
  4 polar bears
  A hornet (Lair:4)
  12 blink frogs
  Prince Ribbit (D:6)
  9 dream sheep (Lair:6)
  5 wraiths (D:10)
  3 wyverns
  4 redbacks (Lair:2)
  45 yaks
  Eustachio (D:6)
  7 fire bats (Volcano)
  6 basilisks
  A steam dragon (Lair:6)
  6 hell hounds
  8 wargs
  A naga (D:10)
  19 water moccasins
  43 orc warriors
  9 black bears
  2 sky beasts
  An ice beast (D:11)
  A tengu (D:10)
  11 wolves
  12 centaurs
  5 boggarts
  12 ogres
  A phantom (D:4)
  Blork the orc (D:6)
  19 bullfrogs
  3 gnoll sergeants
  A wyvern zombie (D:8)
  A wyvern skeleton (D:6)
  29 killer bees
  8 scorpions
  16 wights
  7 howler monkeys
  An electric eel (D:11)
  14 lava snakes
  A quasit (D:5)
  A jelly (D:8)
  13 orc priests
  A bullfrog zombie (D:5)
  3 centaur skeletons
  A hound (D:4)
  A bullfrog skeleton (D:5)
  3 iguanas
  25 orc wizards
  4 hell rats (Lair:3)
  9 worker ants
  Robin (D:2)
  8 gnolls
  A howler monkey zombie (D:10)
  11 adders
  4 white imps
  4 ufetubi
  An ooze (D:5)
  2 adder skeletons
  2 worms
  2 dart slugs
  6 leopard geckos
  82 orcs
  3 bats (D:1)
  6 giant cockroaches
  14 goblins
  8 hobgoblins
  8 jackals (D:1)
  4 quokkas
  A ball python (D:4)
  4 frilled lizards
  2 jackal skeletons
  4 kobolds
  A leopard gecko skeleton (D:5)
  A quokka skeleton (D:5)
  2 rats
683 creatures vanquished.

Vanquished Creatures (others)
  A yak (Lair:6)
  An ogre (D:4)
  A bullfrog skeleton (D:4)
  A worker ant (D:4)
  An orc wizard (D:4)
  A quokka (D:4)
  48 fungi
  67 plants
121 creatures vanquished.

Grand Total: 804 creatures vanquished

Notes
Turn   | Place    | Note
-------+----------+-------------------------------------------
     0 | D:1      | mandarbmax the Minotaur Ice Elementalist began the quest
                  | for the Orb.
     0 | D:1      | Reached XP level 1. HP: 14/14 MP: 1/1
   197 | D:1      | Reached XP level 2. HP: 18/20 MP: 0/3
   802 | D:1      | Reached XP level 3. HP: 19/26 MP: 1/4
   806 | D:1      | Learned a level 3 spell: Ozocubu's Armour
  1543 | D:2      | Found a faded altar of an unknown god.
  1746 | D:2      | Noticed Robin
  1754 | D:2      | Reached skill level 1 in Fighting
  1882 | D:2      | Killed Robin
  1883 | D:2      | Reached XP level 4. HP: 36/36 MP: 0/6
  2254 | D:2      | Found a hazy altar of Hepliaklqana.
  2255 | D:2      | Found a hide-covered altar of Uskayaw.
  2255 | D:2      | Found an ancient bone altar of Kikubaaqudgha.
  2989 | D:3      | Gained mutation: Scrolls take you a little longer to read.
                  | [mutagenic glow]
  3000 | D:3      | Gained mutation: Scrolls take you longer to read.
                  | [mutagenic glow]
  3056 | D:3      | Reached XP level 5. HP: 44/44 MP: 7/7
  3645 | D:4      | Reached skill level 1 in Shields
  3651 | D:4      | Killed an ogre
  3661 | D:4      | Reached skill level 1 in Long Blades
  3661 | D:4      | Reached skill level 2 in Shields
  3836 | D:4      | Noticed a phantom
  3837 | D:4      | Reached XP level 6. HP: 47/52 MP: 8/8
  3845 | D:4      | Reached skill level 3 in Shields
  3879 | D:4      | Found a shimmering altar of Xom.
  4212 | D:5      | Entered Level 5 of the Dungeon
  4358 | D:5      | Found an opulent altar of Gozag.
  4379 | D:5      | Reached skill level 4 in Shields
  4552 | D:5      | Reached XP level 7. HP: 59/59 MP: 9/9
  4680 | D:5      | Found a glowing golden altar of the Shining One.
  4704 | D:5      | Reached skill level 5 in Shields
  5155 | D:6      | Identified the +0 robe "Tuerilas" {rPois rF+ Str+2}
  5227 | D:6      | Found a staircase to the Ecumenical Temple.
  5237 | Temple   | Entered the Ecumenical Temple
  5300 | Temple   | Became a worshipper of Cheibriados the Contemplative
  5350 | D:6      | Noticed Blork the orc
  5357 | D:6      | Killed Blork the orc
  5358 | D:6      | Reached skill level 6 in Shields
  5364 | D:6      | Reached skill level 7 in Shields
  5366 | D:6      | Reached XP level 8. HP: 65/66 MP: 10/10
  5369 | D:6      | Reached skill level 5 in Long Blades
  5382 | D:6      | Noticed Eustachio
  5389 | D:6      | Killed Eustachio
  5390 | D:6      | Reached skill level 8 in Shields
  5516 | D:6      | Noticed Prince Ribbit
  5522 | D:6      | Killed Prince Ribbit
  5666 | D:7      | Reached skill level 9 in Shields
  6310 | D:8      | Reached * piety under Cheibriados
  6310 | D:8      | Noticed a two-headed ogre
  6311 | D:8      | Reached skill level 10 in Shields
  6311 | D:8      | Reached XP level 9. HP: 68/71 MP: 11/11
  6324 | D:8      | Killed a two-headed ogre
  6325 | D:8      | Reached skill level 11 in Shields
  6664 | D:8      | Noticed a white ugly thing
  6671 | D:8      | Killed a white ugly thing
  6672 | D:8      | Reached skill level 12 in Shields
  6798 | D:8      | Found a burning altar of Makhleb.
  6798 | D:8      | Found a bloodstained altar of Trog.
  6883 | D:8      | Reached ** piety under Cheibriados
  7018 | D:9      | Noticed a two-headed ogre
  7025 | D:9      | Killed a two-headed ogre
  7026 | D:9      | Reached XP level 10. HP: 65/78 MP: 12/12
  7061 | D:9      | Reached skill level 13 in Shields
  7261 | D:9      | Noticed Joseph
  7274 | D:9      | Killed Joseph
  7275 | D:9      | Reached skill level 10 in Long Blades
  7394 | D:9      | Found a staircase to the Lair.
  7400 | D:9      | Reached *** piety under Cheibriados
  7420 | D:9      | Reached skill level 14 in Shields
  7698 | D:10     | Entered Level 10 of the Dungeon
  7964 | D:10     | Found a basalt altar of Yredelemnul.
  7968 | D:10     | Noticed Josephine
  7978 | D:10     | Killed Josephine
  7979 | D:10     | Reached skill level 15 in Shields
  7979 | D:10     | Reached XP level 11. HP: 73/84 MP: 13/13
  8057 | D:10     | Found a staircase to the Orcish Mines.
  8077 | D:10     | Reached **** piety under Cheibriados
  8574 | D:10     | Found a runed translucent gate.
  8575 | D:10     | Found a runed translucent gate.
  8576 | D:10     | Found a runed translucent gate.
  8579 | D:10     | Noticed Demosthentine's ghost (journeyman MfGl)
  8580 | D:10     | Noticed a ten-headed hydra
  8730 | D:11     | Reached skill level 16 in Shields
  8750 | D:11     | Found a flagged portal.
  8767 | Bailey   | Entered a bailey
  8816 | Bailey   | Reached ***** piety under Cheibriados
  9884 | D:11     | Reached skill level 5 in Fighting
  9892 | D:11     | Reached skill level 17 in Shields
  9904 | D:11     | Noticed a two-headed ogre
  9913 | D:11     | Killed a two-headed ogre
  9959 | D:11     | Noticed a brown ugly thing
  9966 | D:11     | Killed a brown ugly thing
  9967 | D:11     | Reached XP level 12. HP: 96/96 MP: 14/14
 10292 | D:11     | Reached ****** piety under Cheibriados
 10613 | Lair:1   | Entered Level 1 of the Lair of Beasts
 10781 | Lair:1   | Noticed an eight-headed hydra
 10786 | Lair:1   | Noticed a fire dragon
 10786 | Lair:1   | an eight-headed hydra changed into a fire dragon
 10799 | Lair:1   | Killed a fire dragon
 10893 | Lair:1   | Reached skill level 1 in Armour
 11060 | Lair:1   | Reached skill level 18 in Shields
 11556 | Lair:2   | Reached skill level 5 in Dodging
 11761 | Lair:2   | Reached skill level 10 in Fighting
 11992 | Lair:2   | Noticed a four-headed hydra
 12011 | Lair:2   | Killed a nine-headed hydra
 12096 | Lair:2   | Found a hole to the Spider Nest.
 12762 | Lair:3   | Noticed a seven-headed hydra
 12834 | Lair:3   | Reached XP level 13. HP: 91/114 MP: 10/15
 13090 | Lair:3   | Reached skill level 5 in Armour
 13156 | Lair:3   | Identified the ring "Xitroska" {rPois rC+}
 13496 | Lair:3   | Reached skill level 19 in Shields
 13595 | Lair:4   | Found a staircase to the Swamp.
 14449 | Lair:4   | Noticed Sonja
 14455 | Lair:4   | Killed Sonja
 14906 | Lair:5   | Noticed Rupert
 14928 | Lair:5   | Killed Rupert
 15090 | Lair:5   | Found a dark tunnel.
 15095 | Volcano  | Entered a volcano
 15249 | Volcano  | Reached skill level 10 in Dodging
 15251 | Volcano  | Found a burning altar of Makhleb.
 15618 | Lair:5   | Reached XP level 14. HP: 24/129 MP: 16/16
 16013 | Lair:5   | Reached skill level 20 in Shields
 16703 | Lair:5   | Learned a level 1 spell: Animate Skeleton
 16716 | Lair:6   | Entered Level 6 of the Lair of Beasts
 16934 | Lair:6   | Reached skill level 21 in Shields
 16935 | Lair:6   | Reached skill level 15 in Fighting
 17356 | Lair:6   | Reached skill level 1 in Invocations
 17603 | Lair:6   | Found a large runed translucent door.
 17603 | Lair:6   | Found a large runed translucent door.
 17892 | Lair:6   | Reached skill level 5 in Invocations
 18176 | Lair:6   | Found a staircase to the Slime Pits.
 19115 | Orc:1    | Entered Level 1 of the Orcish Mines
 19366 | Orc:1    | Noticed Snorg
 19369 | Orc:1    | Paralysed by an orc sorcerer for 4 turns
 19388 | Orc:1    | Killed Snorg
 19588 | Orc:1    | Found a runed translucent door.
 19792 | Orc:1    | Found a roughly hewn altar of Beogh.
 19825 | Orc:2    | Entered Level 2 of the Orcish Mines
 19857 | Orc:2    | Reached XP level 15. HP: 137/141 MP: 20/20
 19948 | Orc:2    | Noticed an orc warlord
 19956 | Orc:2    | Reached skill level 5 in Ice Magic
 19958 | Orc:2    | Noticed an orc warlord
 19965 | Orc:2    | Killed an orc warlord
 19993 | Orc:2    | Demolished by an orc knight

Illustrated notes

Levels and vault maps discovered:
D:1:      kilobyte_arrival_exit_the_forest, layout_basic,
          hangedman_decor_growths
D:2:      layout_basic, chequers_temple_overflow_statue_of_worship,
          chequers_ecumenical_altar_simple_redux, kennysheep_decorative_pillar,
          uniq_robin
D:3:      layout_loops_cross
D:4:      layout_cave_pools, xom_confusion_cloud
D:5:      layout_cave_pods, nicolae_tso_carved_into_rock,
          nicolae_gozag_cash_rules_everything_around_me
D:6:      layout_rooms, minmay_temple_entry_water_ring, sword_in_stone,
          uniq_prince_ribbit1
D:7:      layout_rooms
D:8:      layout_basic, gammafunk_temple_overflow_statue
D:9:      layout_long_grid, due_lair_maze_entry_diamond, st_stairs_1,
          minmay_sticks_and_stones
D:10:     layout_loops_ring, kennysheep_orc_monster_closet_entryway,
          basic_altar, gammafunk_ghost_hydra_chop, kennysheep_big_empty_room,
          minmay_misc_feat_pillars, uniq_josephine, uniq_joseph
D:11:     layout_stronghold, enter_bailey_2, nooodl_orcs_dogs
Temple:   eino_temple_water
Lair:1:   layout_cave_pods
Lair:2:   layout_cave_pods, nicolae_spider_entry_tight_spaces, special_room
          [special_room_bee], grunt_megastairs_2, lemuel_fruit_tree,
          minmay_lair_oklob_chamber, infiniplex_staircase_pool
Lair:3:   layout_regular_city, chequers_serial_rivers_micro_a,
          minmay_lindwurm_lava
Lair:4:   layout_gridlike, minmay_swamp_entry_reptiles, kilobyte_rumbling_trees,
          infiniplex_staircase_pool_2, uniq_sonja
Lair:5:   layout_gridlike, enter_volcano_1, uniq_rupert
Lair:6:   cheibrodos_lair_end_hotspot, layout_regular_city,
          minmay_slime_entry_oklob_enclosed, columned_hall_lemuel,
          grunt_forest_small_clearing_treed, serial_bayou_shore_b
Orc:1:    layout_caves, lightli_church_of_beogh, uniq_snorg
Orc:2:    grunt_orc_cross, layout_diamond_mine, basic_altar, minmay_orc_treasury

Skill      XL: |  1  2  3  4  5  6  7  8  9 10 11 12 13 14 15 |
---------------+----------------------------------------------+-----
Ice Magic      | 3 4 5 |  5.3
Stealth        | 2 |  2.0
Dodging        | 3 7 10 | 10.1
Spellcasting   | 2 |  2.0
Fighting       | 1 2 3 4 6 10 13 15 | 15.3
Shields        | 2 4 7 10 12 15 17 18 19 21 | 21.2
Long Blades    | 1 3 4 7 9 11 12 13 | 13.0
Armour         | 4 7 8 |  8.4
Invocations    | 8 |  8.0

Action                   |  1- 3 |  4- 6 |  7- 9 | 10-12 | 13-15 || total
-------------------------+-------+-------+-------+-------+-------++-------
Melee: Unarmed           |    19 |       |       |       |       ||    19
       Headbutt          |    14 |    16 |    39 |   278 |   320 ||   667
       Dagger            |    63 |    18 |       |       |       ||    81
       Falchion          |       |    61 |   159 |   687 |   728 ||  1635
 Cast: Freeze            |    29 |     8 |       |       |       ||    37
       Ozocubu's Armour  |       |       |       |     4 |    33 ||    37
Invok: Bend Time         |       |       |       |     3 |       ||     3
       Slouch            |       |       |       |       |     6 ||     6
Evoke: Wand              |       |       |     3 |    27 |     2 ||    32
       Tin of tremorston |       |       |       |       |     4 ||     4
  Use: Scroll            |       |     4 |    14 |     6 |     5 ||    29
       Potion            |       |       |     3 |     4 |     4 ||    11
 Stab: Sleeping          |     4 |     4 |     2 |     7 |     6 ||    23
       Distracted        |       |       |       |     1 |     1 ||     2
Armor: Leather armour    |    24 |       |       |       |       ||    24
       Robe              |     1 |       |       |       |       ||     1
       Ring mail         |     7 |    32 |    14 |       |       ||    53
       Scale mail        |       |       |    11 |   173 |   124 ||   308
Dodge: Dodged            |    69 |    31 |    58 |   340 |   764 ||  1262
Block: Tower shield      |       |    58 |   150 |   937 |  1463 ||  2608
       Rpst.: Falchion   |       |     5 |    15 |    43 |    82 ||   145

Table legend: (Time is in decaauts)
 A = Elapsed time spent in this place.
 B = Non-inter-level travel time spent in this place.
 C = Inter-level travel time spent in this place.
 D = Time resting spent in this place.
 E = Time spent auto-exploring this place.
 F = Levels seen in this place.
 G = Mean time per level.
                   A        B        C        D        E       F      G
               +--------+--------+--------+--------+--------+-----+--------+
         Total |  27691 |  26304 |   1387 |   2127 |  18767 |  22 | 1258.7 |
       Dungeon |  11748 |  11013 |    735 |    705 |   8268 |  11 | 1068.0 |
        Temple |     85 |     64 |     21 |      0 |     59 |   1 |   85.0 |
          Lair |  12800 |  12215 |    585 |   1143 |   9004 |   6 | 2133.3 |
  Orcish Mines |   1237 |   1192 |     45 |      0 |    855 |   2 |  618.5 |
        Bailey |   1463 |   1463 |      0 |    279 |    529 |   1 | 1463.0 |
       Volcano |    356 |    356 |      0 |      0 |     50 |   1 |  356.0 |
               +--------+--------+--------+--------+--------+-----+--------+

Top non-repeatable levels by time:
  Lair:6: 3095 daAuts
  Lair:5: 2221 daAuts
  Lair:2: 2212 daAuts
  Lair:4: 1904 daAuts
  Lair:3: 1738 daAuts
    D:10: 1637 daAuts
  Lair:1: 1628 daAuts
     D:1: 1623 daAuts
    D:11: 1536 daAuts
  Bailey: 1463 daAuts
     D:2: 1175 daAuts
     D:9: 1092 daAuts
   Orc:1: 1037 daAuts
     D:8: 994 daAuts
     D:3: 983 daAuts
